[Event "44th Chess Olympiad Open 2022"]
[Site "Chennai"]
[Date "2022.07.30"]
[Round "2.51"]
[White "Eiti, Bashir"]
[Black "Al Ibrahim, Abdulrahman"]
[Result "1-0"]
[ECO "D02"]
[WhiteElo "2337"]
[BlackElo "1822"]
[Annotator "TA"]
[PlyCount "61"]
[EventDate "2022.07.29"]
[EventType "team-tourn"]
[EventCountry "IND"]
[SourceTitle "playchess.com"]
[Source "ChessBase"]
[SourceQuality "1"]
[WhiteTeam "Syria"]
[BlackTeam "Kuwait"]
[WhiteTeamCountry "SYR"]
[BlackTeamCountry "KUW"]
[TimeControl "40/5400+30:1800+30"]

1. d4 d5 2. Bf4 Nf6 3. e3 e6 4. Nf3 c5 5. c3 Bd6 6. Bb5+ {[%emt 0:15:19] D02: 1 d4 d5 2 Nf3 sidelines, including 2...Nf6 3 g3 and 2...Nf6 3 Bf4.} Nc6 7. Qa4 Bxf4 8. exf4 {[%emt 0:01:13] The position is equal.} Qb6 9. dxc5 Qxc5 10. Nbd2 Bd7 11. O-O O-O {[%emt 0:16:20] [#]} 12. Rad1 $146 ({Predecessor:} 12. Bxc6 bxc6 13. Qd4 Qe7 14. b4 c5 15. bxc5 Rfc8 16. Nb3 a5 17. Rfc1 a4 18. Nbd2 Qxc5 {0-1 (49) Seirawan,Y (2635)-Alburt,L (2530) Jacksonville 1990}) 12... Rfd8 13. Bxc6 bxc6 14. Ne5 Qb6 15. Qa3 c5 16. c4 a5 17. Nb3 Be8 18. Rc1 Ne4 {[%emt 0:04:45] [#] Threatens to win with ...a4.} 19. cxd5 Rxd5 20. Nc4 Qb5 21. Rfe1 Nf6 22. Ne3 {[%emt 0:00:33] Pair of Knights!} ({Of course not} 22. Nbxa5 Rd4 23. Qh3 (23. Qc3 Nd5 $17) 23... Rxa5 24. Nxa5 Qxa5 $17) 22... Rdd8 23. Qxc5 Qa4 ({Black should play} 23... a4 $11 24. Qxb5 Bxb5) 24. Qc4 $1 $36 {[%emt 0:05:22][%mdl 2048] White has good play. White is more active.} Qxa2 $2 {[%emt 0:02:03][%mdl 8192] [#] This costs Black the game.} (24... Qxc4 $14 25. Nxc4 a4) 25. Ra1 $1 $18 Qxb2 {[%emt 0:00:08] aiming for ...a4.} 26. Reb1 Bb5 27. Qxb5 ({Don't play} 27. Rxb2 Bxc4 28. Nxc4 a4 $18) 27... Qc3 28. Rc1 Qb2 (28... Qb4 29. Rxa5 Qxf4) 29. Nd1 {[%emt 0:02:46] White is clearly winning.} Rxd1+ 30. Rxd1 Ng4 31. Rd2 {[%emt 0:00:29] Weighted Error Value: White=0.06 (flawless) /Black=0.55} 1-0

[Event "44th Chess Olympiad Open 2022"]
[Site "Chennai"]
[Date "2022.07.30"]
[Round "2.51"]
[White "Al-Hajiri, Bader"]
[Black "Chekh Adm Khedr, Aram"]
[Result "0-1"]
[ECO "D20"]
[WhiteElo "2011"]
[BlackElo "2147"]
[Annotator "TA"]
[PlyCount "72"]
[EventDate "2022.07.29"]
[EventType "team-tourn"]
[EventCountry "IND"]
[SourceTitle "playchess.com"]
[Source "ChessBase"]
[SourceQuality "1"]
[WhiteTeam "Kuwait"]
[BlackTeam "Syria"]
[WhiteTeamCountry "KUW"]
[BlackTeamCountry "SYR"]
[TimeControl "40/5400+30:1800+30"]

1. d4 d5 2. c4 dxc4 3. e4 Nf6 4. f3 g6 5. Bxc4 Bg7 6. Ne2 {[%emt 0:00:53] D20: Queen's Gambit Accepted: 3 e3 and 3 e4.} O-O 7. Be3 {[%emt 0:00:29] [#]} a6 $146 ({Predecessor:} 7... c5 8. Nbc3 cxd4 9. Nxd4 a6 10. Rc1 e5 11. Nde2 b5 12. Bb3 Bb7 {1-0 (50) Southam,D (2193)-Chernik,D (1905) Toronto 2013}) 8. a3 {[%emt 0:01:51] White is slightly better.} b5 9. Ba2 Bb7 10. Nbc3 e6 11. Qd2 Nbd7 12. O-O Qe7 13. Rac1 Rac8 14. Bg5 e5 15. Nd5 Bxd5 16. exd5 Rfe8 17. Rfe1 Qf8 18. dxe5 ({Better is} 18. Rc6 $14) 18... Nxe5 $11 19. Nd4 Nfd7 $2 {[%emt 0:03:38] [#]} (19... Rcd8 $11 {and Black has nothing to worry.}) 20. Ne6 $1 $18 Qd6 (20... fxe6 $2 21. dxe6 Kh8 22. exd7 Nxd7 23. Qxd7 $18) 21. f4 $2 (21. Nxg7 $16 Kxg7 22. Bf4) 21... Qb6+ $2 (21... Rxe6 $15 {stays ahead.} 22. fxe5 Rxe5) 22. Kh1 $16 Ng4 (22... Nc4 {keeps fighting.} 23. Bxc4 bxc4) 23. h3 $1 $18 Nf2+ 24. Kh2 {[%emt 0:00:07] Hoping for Rc6.} fxe6 25. dxe6 (25. Bh4 $18 Nf6 26. Bxf2) 25... Nf6 $16 26. e7+ Kh8 {[%emt 0:00:04] [#] And now ...N2e4 would win.} 27. Bf7 $2 (27. Bb1 $1 $16) 27... N2e4 $17 28. Rxe4 Nxe4 {[%emt 0:00:06] The board is on fire.} 29. Qd7 {[%emt 0:00:06] [#]} Nf6 ({Black should try} 29... Qb8 $1 $17 30. Rd1 Nd6 31. Bxe8 Rxe8) 30. Bxe8 $4 Nxd7 $19 31. Bxd7 Rb8 (31... Bxb2 $2 32. Bxc8 Qe3 33. Rd1 $18) 32. Rd1 {[%emt 0:01:42] Against Qd6} (32. Re1 h6 33. e8=Q+ Rxe8 34. Rxe8+ Kh7 35. Bh4) 32... Bf6 {[%emt 0:00:27] aiming for ...Bxg5. Black is clearly winning.} 33. e8=Q+ Rxe8 34. Bxe8 Bxg5 35. fxg5 Qe3 36. Bc6 Qxg5 {[%emt 0:00:07] Weighted Error Value: White=0.61/Black=0.32} 0-1

[Event "44th Chess Olympiad Open 2022"]
[Site "Chennai"]
[Date "2022.07.30"]
[Round "2.51"]
[White "Alhejab, Meshal"]
[Black "Koniahli, Malek."]
[Result "1-0"]
[ECO "B31"]
[WhiteElo "1732"]
[BlackElo "2238"]
[Annotator "TA"]
[PlyCount "150"]
[EventDate "2022.07.29"]
[EventType "team-tourn"]
[EventCountry "IND"]
[SourceTitle "playchess.com"]
[Source "ChessBase"]
[SourceQuality "1"]
[WhiteTeam "Kuwait"]
[BlackTeam "Syria"]
[WhiteTeamCountry "KUW"]
[BlackTeamCountry "SYR"]
[TimeControl "40/5400+30:1800+30"]

1. e4 c5 2. Nf3 Nc6 3. Bb5 g6 4. Bxc6 dxc6 5. d3 Bg7 6. Nc3 c4 {[%emt 0:00:24] B31: Sicilian: 2...Nc6 3 Bb5 g6.} 7. O-O cxd3 8. cxd3 e5 {[%emt 0:03:33] [#] White has an edge.} 9. h3 $146 ({Predecessor:} 9. Bg5 Ne7 10. Qd2 Bg4 11. Bh6 Bxh6 12. Qxh6 Bxf3 13. gxf3 Ng8 14. Qe3 Qb6 15. Rac1 {½-½ (40) Grill,R (2134)-Bostl,F (2199) Czech Republic 2011}) 9... f6 10. d4 exd4 $1 11. Nxd4 Nh6 $1 12. Be3 Nf7 13. f4 O-O 14. Qc2 Qe7 15. Rfe1 Re8 16. Rad1 Bd7 17. a4 Rad8 18. Bf2 Bh6 19. Bg3 Bc8 20. Kh1 Qc5 21. Nf3 Qh5 22. Nh2 Be6 23. Qf2 b6 24. Bh4 Bg7 (24... Rxd1 $11 25. Rxd1 Bg7) 25. g4 (25. Rxd8 $1 $16 Nxd8 26. f5) 25... Qc5 26. Qxc5 bxc5 27. Nf3 Bc4 28. Kg2 Rb8 29. Rd2 Red8 {[%emt 0:01:22] White must now prevent ...Rxd2+.} 30. Red1 Re8 31. Rc1 h6 (31... Bh6 $11 32. Bg3 Rb4) 32. Bf2 $14 Bf8 33. e5 f5 {[%emt 0:02:04] Inhibits Ne4.} (33... fxe5 $14 34. Ne4 Bd5 35. Nf6+ Kg7 36. Nxe8+ (36. Nxd5 cxd5 37. Bxc5 Bxc5 $11) 36... Rxe8) 34. gxf5 (34. Nh4 $142 $1) 34... gxf5 $16 35. Nh4 Be6 36. Ng6 a6 37. Nxf8 {[%emt 0:00:41] White is more active.} Rxf8 38. Bxc5 Rfd8 39. Rcd1 Re8 (39... Bb3 $16) 40. Kf3 Kh7 41. a5 Rg8 42. b4 Rg6 43. Rg2 Rxg2 44. Kxg2 Rg8+ 45. Kf2 Rd8 46. Rxd8 Nxd8 $18 {[%emt 0:00:00][%mdl 4096] Endgame KBN-KBN} 47. Bb6 Nb7 48. Ne2 {[%emt 0:00:00] aiming for Nd4.} Kg6 49. Nd4 Bd5 (49... Bd7 50. Ke3 Kf7) 50. Kg3 Be4 51. Kh4 (51. Bc5 $142 {Strongly threatening Kh4.} h5 52. Kh4) 51... Bd5 52. Kg3 $2 (52. Ne2) 52... Be4 $1 53. Ne6 Bd5 $2 (53... Bd3 54. Kf3 (54. Nd4 Be4 $18) 54... h5) 54. Nc7 {[%emt 0:00:00] Hoping for b5.} Bc4 {[%emt 0:00:00] Prevents b5.} 55. Kh4 Be2 56. Ne6 {[%emt 0:00:00] Threatens to win with Nd4.} Bc4 57. Nf8+ ({Much less strong is} 57. Nd4 $6 Bd5 58. Kg3 $18) 57... Kf7 58. Nd7 Kg6 (58... Bb5 {was worth a try.} 59. Nb8 Kg7) 59. e6 Bb5 (59... Bd5 $142 60. e7 Nd6) 60. Bc7 Ba4 61. e7 Kf7 62. Bd8 {[%emt 0:00:39] Ne5+ is the strong threat.} Nd6 (62... c5 {was called for.}) 63. Nf6 Bd1 {[%emt 0:00:00] [#]} 64. Nd7 $2 (64. Kg3 $1 $16) 64... Ba4 $1 65. Kh5 Ne4 $2 (65... Kg7 66. Bc7 Bd1+ 67. Kh4 Ne8) 66. Kxh6 {[%emt 0:00:24] White is clearly winning.} Nf2 67. Nc5 Bb5 68. Nb7 {[%emt 0:00:26] White threatens Nd6+ and mate.} Ne4 {[%emt 0:00:27] Prevents Nd6+.} 69. h4 Be2 70. Nc5 Bb5 71. h5 Be2 {[%emt 0:00:08] [#]} 72. Ne6 $1 Nf6 (72... c5 73. bxc5) 73. Nc7 (73. Ng5+ $142 Ke8 74. Kg6 Nxh5 75. Ne6 Nxf4+ 76. Nxf4) 73... Bd3 74. Kg5 (74. e8=R $142 Nxe8 75. Nxe8 Kxe8 {[#]} 76. Kg6 $1 Kxd8 77. h6) 74... Nh7+ 75. Kh4 Nf6 {[%emt 0:00:01] Inhibits e8Q+.  Weighted Error Value: White=0.28 (precise) /Black=0.26 (precise)} 1-0

[Event "44th Chess Olympiad Open 2022"]
[Site "Chennai"]
[Date "2022.07.30"]
[Round "2.52"]
[White "Nassr, Ali"]
[Black "Chinasamy, Devarajen"]
[Result "1-0"]
[ECO "D13"]
[WhiteElo "2263"]
[BlackElo "1970"]
[Annotator "TA"]
[PlyCount "69"]
[EventDate "2022.07.29"]
[EventType "team-tourn"]
[EventCountry "IND"]
[SourceTitle "playchess.com"]
[Source "ChessBase"]
[SourceQuality "1"]
[WhiteTeam "Algeria"]
[BlackTeam "Mauritius"]
[WhiteTeamCountry "ALG"]
[BlackTeamCountry "MRI"]
[TimeControl "40/5400+30:1800+30"]

1. d4 d5 2. c4 c6 3. Nc3 Nf6 4. Nf3 a6 5. cxd5 cxd5 6. Bf4 Nc6 7. e3 {[%emt 0:00:13] 7.Rc1 is the modern continuation.} Bg4 8. h3 Bf5 {[%emt 0:06:29] [#] D13: Slav Defence: Exchange variation without ...Bf5.} 9. Bd3 $146 ({Predecessor:} 9. Ne5 h6 10. g4 Bd7 11. Bd3 e6 12. Rc1 Rc8 13. h4 Nxe5 14. dxe5 Ne4 15. Nxe4 dxe4 16. Bxe4 {1-0 (40) Hari,M (2380)-Hriday,P (1691) Gurugram 2022}) 9... Bxd3 10. Qxd3 e6 {[%emt 0:00:09] The position is equal.} 11. O-O Be7 12. Rac1 O-O 13. a3 Rc8 14. Na4 Ne4 15. b4 b5 (15... Bd6 $11) 16. Nc5 $16 Nxc5 17. dxc5 f6 18. Qb3 {[%emt 0:02:31] White is much more active.} Kh8 19. Rcd1 {[%emt 0:06:21] Hoping for e4.} Qe8 20. Rfe1 Qf7 21. Bg3 Ne5 $2 {[%emt 0:01:38] Loses the game.} (21... f5 $16) 22. e4 Nxf3+ 23. Qxf3 ({Resist} 23. gxf3 $6 Rfd8 24. exd5 Rxd5 25. Rxd5 exd5) 23... dxe4 24. Qxe4 e5 25. Rd7 Rcd8 (25... Rfe8 {was called for.} 26. Ra7 Qc4 27. Rxa6 Qxe4 28. Rxe4 Kg8) 26. Red1 Rxd7 27. Rxd7 Qe6 28. Ra7 {[%emt 0:04:21] Black must now prevent Qb7.} Rb8 {[%emt 0:06:42] Inhibits Qb7.} 29. Ra8 Qc8 {[%emt 0:02:15] [#]} 30. Rxb8 Qxb8 31. Qc6 h6 32. Qxa6 {[%emt 0:00:54] White is clearly winning.} Bd8 (32... h5 $142 33. Qe6 Qd8) 33. a4 $18 bxa4 34. Qxa4 {[%emt 0:00:04] [#] Qe8+ is the strong threat.} f5 35. Qe8+ {[%emt 0:00:37] Weighted Error Value: White=0.07 (flawless) /Black=0.41} 1-0

[Event "44th Chess Olympiad Open 2022"]
[Site "Chennai"]
[Date "2022.07.30"]
[Round "2.52"]
[White "Djabri, Massinas"]
[Black "Goorsahye, Antoine"]
[Result "1-0"]
[ECO "A57"]
[WhiteElo "2206"]
[BlackElo "1783"]
[Annotator "TA"]
[PlyCount "79"]
[EventDate "2022.07.29"]
[EventType "team-tourn"]
[EventCountry "IND"]
[SourceTitle "playchess.com"]
[Source "ChessBase"]
[SourceQuality "1"]
[WhiteTeam "Algeria"]
[BlackTeam "Mauritius"]
[WhiteTeamCountry "ALG"]
[BlackTeamCountry "MRI"]
[TimeControl "40/5400+30:1800+30"]

1. d4 Nf6 2. c4 c5 3. d5 b5 4. cxb5 a6 5. b6 g6 6. Nc3 Bg7 7. a4 Qxb6 8. a5 Qc7 9. e4 d6 10. h3 {[%emt 0:02:48] A57: Benko/Volga Gambit.} O-O 11. Nf3 e6 12. Be2 {[%emt 0:01:59] The position is equal.} exd5 13. exd5 {[%emt 0:00:06] [#]} Re8 $146 ({Predecessor:} 13... Bb7 14. O-O Nbd7 15. Bf4 Rfe8 16. Qd3 Nh5 17. Bh2 Re7 18. Nd2 Ne5 19. Qc2 Nf6 {0-1 (54) Chasovnikova,E (2304)-Trujillo Delgado,D (2146) Belgrade 2006}) 14. O-O Nbd7 15. Ra4 Rb8 16. Re1 Rb4 17. Bc4 Rxe1+ 18. Qxe1 Bb7 19. Qd1 Qd8 20. Bf4 Qe7 ({Black should try} 20... Rxb2 $15 21. Qd3 Rb4) 21. Qd3 $11 Nh5 22. Bg5 f6 $2 {[%emt 0:03:07] Black is now going downhill.} (22... Bf6 $11 {and Black is okay.} 23. Bxf6 Nhxf6) 23. Bc1 (23. Be3 $18) 23... Ne5 (23... f5 $16) 24. Nxe5 $18 Qxe5 (24... fxe5 {keeps fighting.} 25. Rxb4 (25. Bxa6 e4 $11) 25... cxb4) 25. Rxb4 cxb4 26. Ne2 f5 27. Bxa6 Bxd5 28. Bc4 Bf7 (28... Nf6 29. a6 Kh8 30. Bxd5 Qxd5) 29. Bxf7+ Kxf7 30. Qc4+ d5 31. Qb5 {[%emt 0:00:26] [#] Threatens to win with a6.} Bf8 32. a6 Bd6 33. a7 Qh2+ 34. Kf1 {[%emt 0:00:04] White mates.} Qh1+ 35. Ng1 Bh2 36. Qxd5+ Kf6 37. Qd4+ Kf7 38. Qc4+ Kf6 {[%emt 0:00:47] [#]} 39. a8=Q $1 Qxg1+ (39... Ng3+ 40. fxg3) 40. Ke2 {[%emt 0:00:11] Weighted Error Value: White=0.07 (flawless) /Black=0.46} 1-0

[Event "44th Chess Olympiad Open 2022"]
[Site "Chennai"]
[Date "2022.07.30"]
[Round "2.52"]
[White "Marie, Patrick"]
[Black "Araoun, Saadi"]
[Result "0-1"]
[ECO "E97"]
[WhiteElo "1921"]
[BlackElo "2049"]
[Annotator "TA"]
[PlyCount "84"]
[EventDate "2022.07.29"]
[EventType "team-tourn"]
[EventCountry "IND"]
[SourceTitle "playchess.com"]
[Source "ChessBase"]
[SourceQuality "1"]
[WhiteTeam "Mauritius"]
[BlackTeam "Algeria"]
[WhiteTeamCountry "MRI"]
[BlackTeamCountry "ALG"]
[TimeControl "40/5400+30:1800+30"]

1. d4 Nf6 2. c4 g6 3. Nc3 Bg7 4. e4 d6 5. Nf3 O-O 6. Be2 e5 7. O-O Nc6 8. dxe5 dxe5 9. Bg5 Qe8 {[%emt 0:14:09] E97: King's Indian: Classical Main Line (6...e5 7 0-0 Nc6): 8 Be3 and 8 d5 Ne7, not 9 Ne1.} (9... Bg4 $11 {keeps the balance.}) 10. Qd2 (10. Nd5 $16 Nxd5 11. cxd5) 10... Bg4 $11 11. Bxf6 Bxf6 {[%emt 0:00:18][%cal Bg7f6,Bf6d8,Bd8a5][%mdl 32] Black is slightly better.} 12. Nd5 Bd8 {[%emt 0:03:02] [#]} 13. Rac1 $146 ({Predecessor:} 13. Ne1 Bxe2 14. Qxe2 Nd4 15. Qd3 c6 16. Ne3 Bb6 17. b4 Rd8 18. Ng4 f5 19. exf5 gxf5 {0-1 (36) Hernandez Bacallado,B-Fischer,D Las Palmas 1997}) 13... Bxf3 14. Bxf3 Nd4 15. Rc3 (15. Qd3 $15) 15... c6 $17 16. Nb4 Ba5 $36 {[%emt 0:09:06][%mdl 2048] Keeping White busy.} 17. Rd3 (17. a3 $17) 17... Qe6 {[%emt 0:25:31] And now ...c5 would win.} (17... c5 18. Nd5 Bxd2 19. Nf6+ Kg7 20. Nxe8+ Rfxe8 21. Rxd2 $17) 18. Bd1 c5 ({Not} 18... Qxc4 $2 19. Rh3 f6 20. a3 $19) 19. Qh6 cxb4 20. Rh3 {[%emt 0:00:02][%csl Gh3][%cal Rh6h7] [#]} Rfd8 {[%emt 0:00:33] Threatens to win with ...Qf6.} 21. Bg4 $2 (21. f4 $17 {is tougher.} Bb6 22. Qxh7+ Kf8 23. fxe5) 21... Qf6 22. Qxh7+ Kf8 23. c5 Ke7 {[%emt 0:01:25] [#] Strongly threatening ...Rh8.} 24. Qh6 g5 25. Qxf6+ Kxf6 26. Rh6+ Kg7 27. Rd6 Bc7 28. Rd5 Ne6 29. Rfd1 Rxd5 30. Rxd5 Rd8 31. Rxd8 Bxd8 (31... Nxd8 $2 {perishes.} 32. Kf1 $19) 32. Bxe6 fxe6 $19 {[%emt 0:00:04][%mdl 4096] Endgame KB-KP} 33. Kf1 Be7 {[%emt 0:00:25] aiming for ...b3.} 34. Ke2 $2 (34. b3) 34... Bxc5 35. f3 $2 (35. b3) 35... Kf6 36. g3 Bg1 37. h3 Ke7 38. Kd3 b5 39. b3 Bf2 40. g4 Kd6 41. Kc2 Kc5 42. Kd3 Bg3 {[%emt 0:02:55] White did not feel at home in the position after the opening.  Weighted Error Value: White=0.98/Black=0.38} 0-1

[Event "44th Chess Olympiad Open 2022"]
[Site "Chennai"]
[Date "2022.07.30"]
[Round "2.52"]
[White "Naipal, Hoolan"]
[Black "Brahami, Lamine"]
[Result "0-1"]
[ECO "B51"]
[WhiteElo "1785"]
[BlackElo "2189"]
[Annotator "TA"]
[PlyCount "100"]
[EventDate "2022.07.29"]
[EventType "team-tourn"]
[EventCountry "IND"]
[SourceTitle "playchess.com"]
[Source "ChessBase"]
[SourceQuality "1"]
[WhiteTeam "Mauritius"]
[BlackTeam "Algeria"]
[WhiteTeamCountry "MRI"]
[BlackTeamCountry "ALG"]
[TimeControl "40/5400+30:1800+30"]

1. e4 c5 2. Nf3 d6 3. Bb5+ Nd7 4. O-O e6 5. c3 a6 6. Bd3 {[%emt 0:01:05] B51: Sicilian: Moscow Variation (3 Bb5+) without 3...Bd7.} Ne7 7. Bc2 Ng6 8. d4 {[%emt 0:00:22] White is slightly better.} Be7 {[%emt 0:00:36] [#]} 9. a4 $146 ({Predecessor:} 9. Re1 Qc7 10. Nbd2 b6 11. Nf1 Bb7 12. d5 O-O 13. a4 Bf6 14. Ne3 c4 15. Qe2 Rac8 {½-½ (15) Vaseptsov,M (2274)-Gutenev,A (2407) Cheliabinsk 2016}) 9... b6 10. Qe2 O-O 11. Rd1 Qc7 12. Be3 Bb7 13. Nbd2 cxd4 14. Nxd4 Rfe8 15. Rac1 Bf8 16. f3 d5 17. exd5 exd5 18. Qf2 Bc5 19. Re1 Re5 20. Nf1 Nf6 21. b4 Bf8 22. Nf5 (22. Nb3 $1 $16) 22... Qd7 (22... Re6 $14) 23. N1g3 $16 Rxe3 24. Qxe3 $18 Qc7 25. Bb3 a5 26. Nd4 axb4 27. cxb4 Qd6 28. Qd2 (28. Nc2 $18) 28... Qxb4 $11 29. Qxb4 Bxb4 30. Red1 Bc5 31. Kh1 h5 32. Nge2 h4 33. h3 Ba6 34. Nc3 ({White should try} 34. a5 $14) 34... Nf4 35. Ncb5 Rd8 36. Kh2 Bc8 37. Bc2 g6 38. Kh1 Bd7 39. Kh2 N6h5 {[%emt 0:00:31] Black wants to play ...Bxb5.} (39... Bxb5 $5 40. Nxb5 (40. axb5 Bxd4 41. Rxd4 Ne2 $17) 40... Be3 $11) 40. Re1 $2 (40. Bb3 $11) 40... Bxb5 $19 41. Nxb5 {[%emt 0:30:15] [#]} d4 ({Black should play} 41... Bf2 $1 $19 42. Red1 Be3) 42. Rcd1 (42. Red1 $17 {might work better.}) 42... d3 43. Bb3 {[%emt 0:00:21] [#]} Ng3 $1 {[%emt 0:01:11] ...d2 is the strong threat.} 44. Nc3 $2 (44. Re5 {was worth a try.} Kg7 45. a5) 44... Bb4 45. Ne4 (45. Re4 $142 Nxe4 46. Nxe4) 45... Bxe1 46. Rxe1 Nxe4 47. fxe4 (47. Rxe4 $142 Ne2 48. Re7) 47... d2 {[%emt 0:00:00] Black is clearly winning.} 48. Rf1 g5 49. g3 (49. Bd1 $142 Nd3 50. Bb3) 49... hxg3+ 50. Kxg3 Rd3+ {[%emt 0:00:00] What a bad dream for White.  Weighted Error Value: White=0.59/Black=0.23 (precise)} 0-1

[Event "44th Chess Olympiad Open 2022"]
[Site "Chennai"]
[Date "2022.07.30"]
[Round "2.53"]
[White "Ahmad, Al Khatib"]
[Black "Salim Mohammed, Salim Al Amri"]
[Result "0-1"]
[ECO "B57"]
[WhiteElo "2244"]
[BlackElo "1917"]
[Annotator "TA"]
[PlyCount "100"]
[EventDate "2022.07.29"]
[EventType "team-tourn"]
[EventCountry "IND"]
[SourceTitle "playchess.com"]
[Source "ChessBase"]
[SourceQuality "1"]
[WhiteTeam "Jordan"]
[BlackTeam "OMA"]
[WhiteTeamCountry "JOR"]
[TimeControl "40/5400+30:1800+30"]

1. e4 c5 2. Nf3 Nc6 3. d4 cxd4 4. Nxd4 Nf6 5. Nc3 d6 6. Bc4 g6 7. Nxc6 bxc6 8. e5 Ng4 9. e6 ({White should try} 9. Bf4 $14) 9... f5 $11 {[%emt 0:00:58] B57: Classical Sicilian: Sozin with 6...Qb6.} 10. Bf4 Bg7 {[%emt 0:07:29] Strongly threatening ...Qb6.} 11. Qf3 (11. O-O $11) 11... Qb6 ({Black should play} 11... O-O $17) 12. O-O {[%emt 0:00:59] [#]} (12. Bb3 $1 $11) 12... Ne5 $146 ({Predecessor:} 12... O-O 13. Bxd6 Qxb2 14. Qxc6 Qxc3 15. Bxe7 Bb7 16. Qxb7 Qxc4 17. Bxf8 Rxf8 18. e7 Re8 {½-½ (31) Vandivier,D (1917)-Davidovich,M (2033) Flint 2002}) 13. Bxe5 Bxe5 14. Bb5 Bb7 15. Nd5 $2 {[%emt 0:01:03][%mdl 8192] [#]} cxb5 $19 16. Nxb6 Bxf3 {[%emt 0:00:17] A strong pair of Bishops.} 17. Nxa8 Bxa8 18. c3 f4 19. a4 b4 20. cxb4 O-O ({Don't blunder} 20... Bxb2 $2 21. Rab1 Bf6 22. Rfc1 $19) 21. Rac1 d5 (21... Bxb2 22. Rc7 $17) 22. Rfe1 Bd6 ({Inferior is} 22... Bxb2 23. Rc7 $17) 23. b5 Kg7 24. f3 Kf6 25. Re2 Rb8 26. Kf1 Bb7 27. g4 (27. Ree1 {was called for.}) 27... fxg3 28. hxg3 Bxg3 29. a5 Bc8 30. Kg2 Bd6 31. Rc6 Bxe6 32. b6 axb6 33. a6 h5 34. b4 h4 35. b5 h3+ 36. Kh1 Bd7 37. Rxb6 Rxb6 {[%emt 0:00:10] Black mates.} 38. a7 Rxb5 39. Re1 Ra5 40. Rd1 Rxa7 41. Kg1 Bg3 42. Rb1 d4 43. Rc1 e6 44. Kf1 Ra2 45. Kg1 {[%emt 0:00:35] [#]} Bc6 $1 46. Rf1 d3 47. Kh1 Kg7 48. Kg1 d2 49. Rb1 d1=Q+ 50. Rxd1 h2+ {[%emt 0:00:06] Black took control after the opening.  Weighted Error Value: White=0.65/Black=0.11 (very precise)} 0-1